 Dungeon Crawl Stone Soup version 0.25.1-2-g60ff931df9 (webtiles) character file.

Game seed: 4649354102423951314

29011 JustSomeDude the Brawler (level 13, 0/119 HPs)
             Began as a Troll Monk on Sept 15, 2020.
             Was the Champion of Cheibriados.
             Slain by a ten-headed hydra (4 damage)
             ... on level 1 of the Lair of Beasts on Sept 21, 2020.
             The game lasted 00:35:00 (11440 turns).

JustSomeDude the Brawler (Troll Monk)              Turns: 11440, Time: 00:35:00

Health: 0/119      AC:  9    Str: 49    XL:     13   Next: 12%
Magic:  12/15      EV: 18    Int: 26    God:    Cheibriados [******]
Gold:   800        SH:  5    Dex: 29    Spells: 12/12 levels left

rFire    . . .     SeeInvis .     - Unarmed
rCold    . . .     Gourm    +   (no shield)
rNeg     . . .     Faith    .   Q - +2 troll leather armour {Snorg}
rPois    +         Spirit   .   (helmet restricted)
rElec    .         Reflect  +   q - +0 cloak "Nemiyhed" {rPois Int+5}
rCorr    .         Harm     .   (gloves unavailable)
MR       .....                  (boots unavailable)
Stlth    ++++......             p - amulet of reflection
HPRegen  1.09/turn              u - +6 ring of strength
MPRegen  0.14/turn              y - ring of stealth

@: mighty, very slow
A: large, unfitting armour, claws 3, deformed body, fast metabolism 3, gourmand,
regeneration 1, shaggy fur 1, strong 2, tough skin 3
a: Bend Time, Temporal Distortion, Slouch, Step From Time, Renounce Religion


You were on level 1 of the Lair of Beasts.
You worshipped Cheibriados.
Cheibriados was exalted by your worship.
You were completely stuffed.

You visited 4 branches of the dungeon, and saw 17 of its levels.
You also visited: Ossuary.

You collected 800 gold pieces.

Inventory:

Armour
 q - the +0 cloak "Nemiyhed" (worn) {rPois Int+5}
   (You found it on level 4 of the Dungeon)

   It affects your intelligence (+5).
   It protects you from poison.
 H - a scarf of resistance
 Q - a +2 troll leather armour (worn) {Snorg}
Jewellery
 p - an amulet of reflection (around neck)
 u - a +6 ring of strength (left claw)
 y - a ring of stealth (right claw)
 E - an uncursed ring of magical power
 O - an uncursed ring of wizardry {unknown}
Wands
 m - a wand of enslavement (7)
 A - a wand of paralysis (7)
 C - a wand of polymorph (11)
 J - a wand of iceblast (21)
Scrolls
 a - a scroll of vulnerability {unknown}
 d - 3 scrolls of remove curse
 f - 13 scrolls of identify
 i - a scroll of amnesia
 l - 2 scrolls of immolation {unknown}
 n - 2 scrolls of enchant weapon
 r - 3 scrolls of enchant armour
 s - 2 scrolls of noise
 t - 2 scrolls of fear
 w - 4 scrolls of fog
 z - a scroll of torment {unknown}
 F - a scroll of magic mapping {unknown}
 I - 2 scrolls of random uselessness {unknown}
 K - a scroll of silence {unknown}
Potions
 c - 4 potions of brilliance
 e - 3 potions of mutation
 g - 4 potions of lignification
 h - 3 potions of berserk rage {unknown}
 j - 4 potions of haste
 k - a potion of might
 o - a potion of magic {unknown}
 v - 4 potions of stabbing
 x - a potion of cancellation {unknown}
 B - a potion of invisibility {unknown}
 D - a potion of curing
 P - a potion of ambrosia {unknown}
Comestibles
 b - 27 rations


   Skills:
 + Level 5.4 Fighting
 + Level 4.2 Armour
 + Level 8.5 Dodging
 + Level 4.7 Stealth
 + Level 15.2 Unarmed Combat
 * Level 4.4 Invocations
 * Level 4.1 Evocations


You had 12 spell levels left.
You didn't know any spells.
Your spell library contained the following spells:

 Spells                   Type           Power        Failure   Level  Hunger
 Animate Skeleton         Necr           N/A          14%         1    ##.....
 Apportation              Tloc           #.....       14%         1    ##.....
 Corona                   Hex            #......      14%         1    ##.....
 Foxfire                  Conj/Fire      #...         14%         1    ##.....
 Freeze                   Ice            #...         14%         1    ##.....
 Summon Small Mammal      Summ           #...         14%         1    ##.....
 Call Imp                 Summ           #.......     21%         2    ###....
 Call Canine Familiar     Summ           #.......     38%         3    ####...
 Conjure Flame            Conj/Fire      #.......     38%         3    ####...
 Frozen Ramparts          Ice            #.....       38%         3    ####...
 Inner Flame              Hex/Fire       #.......     38%         3    ####...
 Ozocubu's Armour         Chrm/Ice       #.......     38%         3    ####...
 Summon Guardian Golem    Hex/Summ       #.......     38%         3    ####...
 Hailstorm                Conj/Ice       #.......     80%         4    #####..
 Sticky Flame             Conj/Fire      #.......     80%         4    #####..
 Summon Ice Beast         Ice/Summ       #.......     80%         4    #####..
 Summon Lightning Spire   Summ/Air       #.......     80%         4    #####..
 Bolt of Magma            Conj/Fire/Erth #.........   98%         5    ######.
 Fireball                 Conj/Fire      #.........   98%         5    ######.
 Iskenderun's Battlesphe  Conj/Chrm      #.......     98%         5    ######.
 Iron Shot                Conj/Erth      #.........   100%        6    #######
 Orb of Destruction       Conj           #.........   100%        7    #######
 Spellforged Servitor     Conj/Summ      #.........   100%        7    #######


Dungeon Overview and Level Annotations

Branches:
Dungeon (13/15)            Temple (1/1) D:4            Lair (1/6) D:8
    Orc (2/2) D:9             Elf (0/3) Orc:2       Ossuary (visited)
 Vaults: D:13-14

Altars:
Ashenzari
Cheibriados
Dithmenos
Elyvilon
Fedhas
Gozag
Hepliaklqana
Kikubaaqudgha
Makhleb
Nemelex Xobeh
Okawaru
Qazlal
Ru
Sif Muna
Trog
Uskayaw
Vehumet
Wu Jian
Xom
Yredelemnul
Zin
The Shining One

Shops:
D:4 :

Annotations:
D:2 1 runed translucent door, Crazy Yiuf


Innate Abilities, Weirdness & Mutations

You are too large for most types of armour.
You have claws for hands.
Your metabolism is lightning-fast.
You like to eat raw meat.
Your natural rate of healing is unusually fast.
You are covered in fur. (AC +1)
You have extremely tough skin. (AC +3)
Armour fits poorly on your strangely shaped body.
Your muscles are very strong. (Str +4)


Message History

The ten-headed hydra bites you.
* * * LOW HITPOINT WARNING * * *
The ten-headed hydra completely misses you.
Unknown command.
Unknown command.
The flow of time bends around you.
Cheibriados rebukes the ten-headed hydra.
The ten-headed hydra seems to slow down.
You feel slightly less full. The ten-headed hydra bites you!
* * * LOW HITPOINT WARNING * * *
You block the ten-headed hydra's attack.
The ten-headed hydra bites you.
* * * LOW HITPOINT WARNING * * *
The ten-headed hydra bites you!
* * * LOW HITPOINT WARNING * * *
The ten-headed hydra barely misses you. x2; The ten-headed hydra misses you.
The ten-headed hydra bites you!
* * * LOW HITPOINT WARNING * * *
The ten-headed hydra bites you.
You die...

.. ... . .# ..#
.#. #####.#...#
...###....##...#
..8..##.<.....#
....%..#.#..!.#..
#$....#.......#
..##.......#### .
#..@8....#
#..D....##
#.8r..8.#
#........#
##...8...#
#........#
...###....# ....
#....


You could see a ten-headed hydra (slow) and a porcupine.

Vanquished Creatures
  Snorg (D:11)
  Josephine (D:11)
  Harold (D:9)
  A centaur warrior (D:12)
  Erica (D:11)
  3 two-headed ogres
  3 death yaks (D:8)
  2 tengu warriors (D:12)
  An orc knight (Orc:1)
  2 ugly things (D:11)
  A deep elf mage (D:12)
  A cyclops (Orc:1)
  2 manticores
  Joseph (D:8)
  A centaur skeleton (D:12)
  Maggie (D:9)
  A spiny frog (Lair:1)
  5 trolls
  A hippogriff (D:10)
  A spriggan (D:7)
  5 redbacks (D:12)
  3 wraiths (D:11)
  19 yaks
  Eustachio (D:4)
  A hungry ghost (D:9)
  A warg (Orc:2)
  A porcupine (Lair:1)
  17 orc warriors
  4 sky beasts
  A hornet zombie (D:8)
  An eye of draining (D:12)
  6 ice beasts
  3 phantoms
  10 ogres
  13 centaurs
  A crocodile (D:12)
  A big kobold (D:9)
  An elf zombie (Ossuary)
  Blork the orc (D:6)
  10 bullfrogs
  A gnoll sergeant (D:5)
  21 killer bees
  17 wights
  3 howler monkeys (D:7)
  5 crimson imps
  5 centaur zombies
  A bullfrog zombie (D:8)
  2 jellies
  6 hounds
  A bullfrog skeleton (D:6)
  A human zombie (Ossuary)
  13 orc priests
  26 orc wizards
  Jessica (D:3)
  Ijyb (D:3)
  2 gnoll shamans (D:6)
  5 worker ants
  A big kobold zombie (Ossuary)
  2 mummies (Ossuary)
  Robin (D:3)
  A howler monkey zombie (D:5)
  13 gnolls
  9 adders
  A howler monkey skeleton (D:8)
  3 shadow imps
  4 worms
  2 dart slugs
  A leopard gecko (D:2)
  80 orcs
  4 giant cockroaches
  13 goblins
  8 hobgoblins
  10 jackals
  11 kobolds
  3 quokkas
  5 bats
  5 frilled lizards
  2 goblin zombies (Ossuary)
  10 hobgoblin zombies (Ossuary)
  2 jackal zombies (Ossuary)
  11 kobold zombies (Ossuary)
  8 orc zombies (Ossuary)
  A quokka skeleton (D:6)
  8 rats
461 creatures vanquished.

Vanquished Creatures (others)
  A bush (D:5)
1 creature vanquished.

Grand Total: 462 creatures vanquished

Notes
Turn   | Place    | Note
-------+----------+-------------------------------------------
     0 | D:1      | JustSomeDude the Troll Monk began the quest for the Orb.
     0 | D:1      | Reached XP level 1. HP: 22/22 MP: 0/0
   208 | D:1      | Reached XP level 2. HP: 29/29 MP: 1/1
   818 | D:2      | Reached XP level 3. HP: 36/36 MP: 2/2
  1321 | D:2      | Found a runed translucent door.
  1322 | D:2      | Noticed Crazy Yiuf
  1571 | D:3      | Noticed Robin
  1598 | D:3      | Reached XP level 4. HP: 11/45 MP: 3/3
  1618 | D:3      | Killed Robin
  1618 | D:3      | Reached skill level 4 in Unarmed Combat
  1706 | D:3      | Reached XP level 5. HP: 43/53 MP: 4/4
  1822 | D:3      | Noticed Jessica
  1832 | D:3      | Killed Jessica
  1870 | D:3      | Noticed Ijyb
  1886 | D:3      | Killed Ijyb
  1886 | D:3      | Reached skill level 5 in Unarmed Combat
  2062 | D:3      | Reached XP level 6. HP: 61/61 MP: 5/5
  2458 | D:4      | Found a staircase to the Ecumenical Temple.
  2468 | Temple   | Entered the Ecumenical Temple
  2528 | Temple   | Became a worshipper of Cheibriados the Contemplative
  2528 | Temple   | Reached * piety under Cheibriados
  2528 | Temple   | Reached ** piety under Cheibriados
  2625 | D:4      | Reached skill level 6 in Unarmed Combat
  2645 | D:4      | Found Xinnueva's Book Boutique.
  2646 | D:4      | Found a sand-covered staircase.
  2676 | D:4      | Got a heavily runed cloak
  2702 | Ossuary  | Entered an ossuary
  2709 | Ossuary  | Identified the +0 cloak "Nemiyhed" {rPois Int+5} (You found
                  | it on level 4 of the Dungeon)
  2832 | Ossuary  | Reached *** piety under Cheibriados
  2832 | Ossuary  | Reached XP level 7. HP: 35/67 MP: 6/6
  3259 | D:5      | Entered Level 5 of the Dungeon
  3345 | D:5      | Reached skill level 7 in Unarmed Combat
  3438 | D:5      | Reached XP level 8. HP: 75/75 MP: 7/7
  3462 | D:5      | Noticed Eustachio
  3467 | D:5      | Reached skill level 8 in Unarmed Combat
  3482 | D:4      | Killed Eustachio
  3489 | D:5      | Reached **** piety under Cheibriados
  3754 | D:5      | Found an ancient bone altar of Kikubaaqudgha.
  3756 | D:5      | Found a blossoming altar of Fedhas.
  4147 | D:6      | Noticed Blork the orc
  4201 | D:5      | Reached skill level 9 in Unarmed Combat
  4248 | D:6      | Killed Blork the orc
  4291 | D:6      | Reached skill level 5 in Dodging
  4321 | D:6      | Reached XP level 9. HP: 52/84 MP: 8/8
  4592 | D:6      | Reached ***** piety under Cheibriados
  4608 | D:6      | Found a burning altar of Makhleb.
  4765 | D:6      | Reached skill level 10 in Unarmed Combat
  4988 | D:7      | Found a blossoming altar of Fedhas.
  5517 | D:7      | Noticed a troll
  5526 | D:7      | Killed a troll
  5793 | D:8      | Noticed a death yak
  5796 | D:8      | Found a staircase to the Lair.
  5796 | D:8      | Noticed a death yak
  5797 | D:8      | Noticed a death yak
  5809 | D:8      | Killed a death yak
  5809 | D:8      | Reached skill level 11 in Unarmed Combat
  5809 | D:8      | Reached XP level 10. HP: 58/93 MP: 5/9
  5812 | D:8      | Gained mutation: You are weak. (Str -2) [potion of
                  | mutation]
  5812 | D:8      | Gained mutation: You are frail. (-10% HP) [potion of
                  | mutation]
  5812 | D:8      | Gained mutation: You have a pair of small horns on your
                  | head. [potion of mutation]
  5819 | D:8      | Killed a death yak
  5824 | D:8      | Killed a death yak
  5824 | D:8      | Reached skill level 1 in Armour
  5854 | D:8      | Lost mutation: You are frail. (-10% HP) [potion of
                  | mutation]
  5854 | D:8      | Lost mutation: You have a pair of small horns on your head.
                  | [potion of mutation]
  5854 | D:8      | Lost mutation: You are weak. (Str -2) [potion of mutation]
  5854 | D:8      | Gained mutation: Armour fits poorly on your strangely
                  | shaped body. [potion of mutation]
  5854 | D:8      | Gained mutation: Your muscles are strong. (Str +2) [potion
                  | of mutation]
  5854 | D:8      | Gained mutation: Your muscles are very strong. (Str +4)
                  | [potion of mutation]
  6000 | D:8      | Reached skill level 12 in Unarmed Combat
  6009 | D:8      | Found a sparkling altar of Nemelex Xobeh.
  6013 | D:8      | Found a white marble altar of Elyvilon.
  6163 | D:8      | Noticed Joseph
  6172 | D:8      | Killed Joseph
  6428 | D:8      | Noticed a manticore
  6434 | D:8      | Killed a manticore
  6745 | D:9      | Noticed Harold
  6815 | D:9      | Found a glowing golden altar of the Shining One.
  6821 | D:9      | Found a staircase to the Orcish Mines.
  6825 | D:9      | Noticed a two-headed ogre
  6836 | D:9      | Killed a two-headed ogre
  6836 | D:9      | Reached XP level 11. HP: 31/101 MP: 10/10
  6841 | D:9      | Reached ****** piety under Cheibriados
  6856 | D:9      | Killed Harold
  7086 | D:9      | Reached skill level 13 in Unarmed Combat
  7108 | D:9      | Found a shadowy altar of Dithmenos.
  7110 | D:9      | Noticed Maggie
  7127 | D:9      | Killed Maggie
  7585 | D:9      | Noticed a two-headed ogre
  7589 | D:9      | Killed a two-headed ogre
  7629 | D:10     | Entered Level 10 of the Dungeon
  7770 | D:10     | Noticed a two-headed ogre
  7775 | D:10     | Killed a two-headed ogre
  8470 | D:10     | Reached skill level 1 in Invocations
  8595 | D:11     | Reached skill level 14 in Unarmed Combat
  8663 | D:11     | Noticed a white ugly thing
  8686 | D:11     | Killed a white ugly thing
  8686 | D:11     | Reached skill level 1 in Evocations
  8710 | D:11     | Reached XP level 12. HP: 18/109 MP: 12/12
  9000 | D:11     | Noticed Erica
  9006 | D:11     | Killed Erica
  9117 | D:11     | Noticed Josephine
  9125 | D:11     | Killed Josephine
  9312 | D:11     | Noticed Snorg
  9321 | D:11     | Killed Snorg
  9321 | D:11     | Reached skill level 5 in Fighting
  9456 | D:12     | Noticed a centaur warrior
  9469 | D:12     | Killed a centaur warrior
  9484 | D:12     | HP: 1/111 [centaur[a centaur warrior] (7)]
  9761 | D:12     | Noticed a tengu warrior
  9762 | D:12     | Noticed a tengu warrior
  9774 | D:12     | Killed a tengu warrior
  9784 | D:12     | Killed a tengu warrior
  9939 | D:12     | Reached skill level 15 in Unarmed Combat
 10832 | Orc:1    | Entered Level 1 of the Orcish Mines
 10857 | Orc:1    | Reached XP level 13. HP: 88/118 MP: 11/15
 11282 | Orc:2    | Entered Level 2 of the Orcish Mines
 11283 | Orc:2    | Found a staircase to the Elven Halls.
 11425 | Lair:1   | Entered Level 1 of the Lair of Beasts
 11440 | Lair:1   | HP: 4/119 [ten-headed hydra (7)]
 11440 | Lair:1   | Slain by a ten-headed hydra

Illustrated notes

Levels and vault maps discovered:
D:1:      minmay_arrival_doors, layout_basic
D:2:      layout_loops_ring, first_ration, minmay_nonomino_d4,
          uniq_crazy_yiuf_cottage
D:3:      layout_loops_ring, corexii_corridor_pit, uniq_ijyb, uniq_robin,
          uniq_jessica
D:4:      layout_gridville, minmay_temple_entry_offerings, enter_ossuary_1,
          serial_shops, shop_fountains
D:5:      layout_basic, grunt_temple_overflow_growth_and_decay, minivault_5,
          kb_lookout_dungeons_type, uniq_eustachio
D:6:      layout_rooms, old_standard_altar, chequers_serial_rivers_small_b,
          amethyst_killhole, kennysheep_generic_room_3, uniq_blork_the_orc
D:7:      layout_basic, the_bakery, interstate_on_off, fedhas_ov_isle_minmay
D:8:      layout_basic, grunt_temple_overflow_open, dpeg_lair_monsters,
          uniq_joseph
D:9:      layout_roguey, lemuel_crystal_altar, nicolae_tso_swordbearing_angel,
          david_orc_2, uniq_harold, uniq_maggie
D:10:     layout_gridville, minmay_misc_feat_rows
D:11:     layout_basic, uniq_erica, uniq_snorg, uniq_josephine
D:12:     layout_loops_ring, chequers_serial_rivers_small_b, drop_trap
D:13:     layout_basic, lightli_vaults_fourway_checkpoint, serial_rivers,
          chequers_serial_rivers_small_a, chequers_serial_rivers_large_a,
          chequers_serial_rivers_room_a, chequers_serial_rivers_micro_e,
          chequers_serial_rivers_room_a
Temple:   eino_wide_crystal_templ
Lair:1:   kb_forest_paths, layout_chaotic_city, grunt_megastairs_4, uniq_urug
Orc:1:    layout_diamond_mine
Orc:2:    kennysheep_orc_mage_school, layout_diamond_mine

Skill      XL: |  1  2  3  4  5  6  7  8  9 10 11 12 13 |
---------------+----------------------------------------+-----
Fighting       | 3 4 5 |  5.4
Unarmed Combat | 4 5 6 7 9 11 12 14 15 | 15.2
Dodging        | 3 4 5 6 7 8 |  8.5
Stealth        | 2 3 4 |  4.7
Armour         | 2 3 4 |  4.2
Invocations    | 1 4 |  4.4
Evocations     | 1 3 4 |  4.1

Action                   |  1- 3 |  4- 6 |  7- 9 | 10-12 | 13-15 || total
-------------------------+-------+-------+-------+-------+-------++-------
Melee: Unarmed           |   110 |   155 |   280 |   525 |    80 ||  1150
       Punch             |     2 |     3 |    17 |    37 |     8 ||    67
       Headbutt          |       |       |       |     8 |       ||     8
Invok: Bend Time         |       |       |     1 |     2 |     1 ||     4
       Slouch            |       |       |       |       |     1 ||     1
  Use: Potion            |       |     1 |     2 |    11 |     1 ||    15
       Scroll            |       |     4 |       |     8 |     1 ||    13
 Stab: Sleeping          |     2 |     3 |     9 |    12 |       ||    26
       Distracted        |       |       |       |     1 |       ||     1
  Eat: Chunk             |    12 |    16 |    21 |    33 |     7 ||    89
Armor: Robe              |    49 |    39 |    55 |       |       ||   143
       Skin              |       |     8 |    31 |       |       ||    39
       Troll leather arm |       |       |     5 |   118 |    11 ||   134
Dodge: Dodged            |    56 |    65 |   159 |   510 |    60 ||   850
Block: Other             |       |     7 |    59 |   145 |    25 ||   236
       Reflection        |       |       |     3 |    11 |       ||    14
